 Dungeon Crawl Stone Soup version 0.32-a0-136-gc02482bde3 (webtiles) character file.

Game seed: 13306851276861084564

99586 croobank the Artisan of Death (level 15, -8/80 HPs)
             Began as a Felid Summoner on Feb 10, 2024.
             Was a Priest of Kikubaaqudgha.
             Mangled by a quicksilver dragon zombie (10 damage)
             ... on level 15 of the Dungeon.
             The game lasted 02:07:09 (36352 turns).

croobank the Artisan of Death (Felid Summoner)     Turns: 36352, Time: 02:07:10

Health: -8/80      AC:  3    Str:  6    XL:     15   Next: 78%
Magic:  15/31      EV: 24    Int: 23    God:    Kikubaaqudgha [***...]
Gold:   979        SH:  5    Dex: 18    Spells: 3/36 levels left
                                        Lives:  0   Deaths: 4

rFire   . . .        (weapon unavailable)
rCold   + . .        (shield unavailable)
rNeg    + . .        (body armour unavailable)
rPois   .            (helmet unavailable)
rElec   .            (cloak unavailable)
rCorr   .            (gloves unavailable)
SInv    +            (boots unavailable)
Will    ++...        o - amulet of reflection
Stlth   +++++        n - ring of wizardry
HPRegen 0.33/turn    r - ring of positive energy
MPRegen 0.22/turn

%: reflection, wizardry (x1)
@: death channelling, animating dead
A: very small, claws 1, fangs 3, see invisible, shaggy fur 3, stealthy paws, no
weapons or thrown items, no armour, multi-lived
a: Renounce Religion, Unearth Wretches


You were on level 15 of the Dungeon.
You worshipped Kikubaaqudgha.
Kikubaaqudgha was most pleased with you.
You visited 4 branches of the dungeon, and saw 23 of its levels.
You also visited: Sewer and Gauntlet.

You collected 2225 gold pieces.
You spent 1246 gold pieces at shops.

Inventory:

Jewellery
 a - a +6 ring of intelligence
 j - a +4 ring of protection
 n - a ring of wizardry (left paw)
 o - an amulet of reflection (around neck)
 p - a ring of magical power
 r - a ring of positive energy (right paw)
 s - a +6 ring of dexterity
 t - a ring of willpower
 v - a ring of willpower
 w - a ring of ice
 x - an amulet of regeneration
 C - a ring of fire
 D - a ring of ice
 F - a +5 ring of evasion
 G - a ring of flight
 H - a ring of wizardry
 I - a ring of fire
 J - the ring of Divine Compulsion {rF+ AC+4 Dex+3 Stlth+}
   (You found it in a Gauntlet)

   [ring of protection]

   AC+4:      It affects your AC (+4).
   Dex+3:     It affects your dexterity (+3).
   rF+:       It protects you from fire.
   Stlth+:    It makes you more stealthy.
 K - the ring "Niosih" {Will+ Dex+6 SInv}
   (You found it in a Gauntlet)

   [ring of willpower]

   Dex+6:     It affects your dexterity (+6).
   Will+:     It increases your willpower.
   SInv:      It lets you see invisible.
 R - a ring of magical power
 V - an amulet of guardian spirit
 W - a +5 ring of evasion
 Z - a ring of fire
Talismans
 i - a beast talisman
Wands
 g - a wand of quicksilver (7)
 z - a wand of flame (41)
 E - a wand of paralysis (19)
 P - a wand of mindburst (5)
Scrolls
 c - 5 scrolls of vulnerability
 d - 2 scrolls of teleportation
 k - a scroll of silence
 u - 3 scrolls of fog
 y - a scroll of poison
 A - 7 scrolls of identify
 O - 5 scrolls of blinking
 Q - a scroll of amnesia
 S - 3 scrolls of revelation
 U - a scroll of torment
 X - a scroll of immolation
Potions
 b - 6 potions of haste
 e - 4 potions of curing
 f - a potion of enlightenment
 h - a potion of mutation
 l - 5 potions of might
 m - a potion of lignification
 q - 3 potions of brilliance
 T - 3 potions of attraction
 Y - a potion of berserk rage
Miscellaneous
 B - a phial of floods
 L - a sack of spiders
 M - a condenser vane
 N - a phantom mirror


   Skills:
 - Level 10.0 Fighting
 - Level 10.0 Dodging
 - Level 10.0 Stealth
 + Level 11.3 Spellcasting
 - Level 12.0 Summonings
 + Level 16.2 Necromancy
 - Level 5.0 Fire Magic
 - Level 7.0 Air Magic
 - Level 5.0 Earth Magic


You had 3 spell levels left.
You knew the following spells:

 Your Spells              Type           Power      Damage    Failure   Level
c - Call Canine Familiar  Summ           62%        N/A       1%          3
d - Summon Blazeheart Go  Fire/Summ      51%        N/A       1%          4
e - Summon Lightning Spi  Summ/Air       54%        N/A       1%          4
A - Animate Dead          Necr           73%        N/A       1%          4
D - Death Channel         Necr           36%        N/A       1%          6
H - Haunt                 Necr/Summ      33%        N/A       5%          7
V - Borgnjor's Vile Clut  Necr/Erth      29%        N/A       1%          5

Your spell library contained the following spells:

 Spells                   Type           Power      Damage    Failure   Level
 Necrotise                Necr           100%       1d9       0%          1
 Sublimation of Blood     Necr           73%        N/A       0%          2
 Fugue of the Fallen      Necr           73%        N/A       0%          3
 Vampiric Draining        Necr           73%        2d11      0%          3
 Freeze                   Ice            52%        1d6       1%          1
 Kiss of Death            Conj/Necr      100%       2d13      1%          1
 Slow                     Hex            52%        N/A       1%          1
 Summon Small Mammal      Summ           100%       N/A       1%          1
 Call Imp                 Summ           100%       N/A       1%          2
 Passwall                 Erth           36%        N/A       1%          3
 Swiftness                Air            45%        N/A       1%          3
 Inner Flame              Hex/Fire       24%        N/A       2%          3
 Volatile Blastmotes      Fire/Tloc      48%        2d14      2%          3
 Ensorcelled Hibernation  Hex/Ice        26%        N/A       3%          2
 Confusing Touch          Hex            13%        N/A       6%          3
 Frozen Ramparts          Ice            26%        1d4       6%          3
 Hailstorm                Conj/Ice       13%        3d6       6%          3
 Sigil of Binding         Hex            13%        N/A       6%          3
 Dispel Undead            Necr           73%        3d24      1%          4
 Curse of Agony           Necr           73%        N/A       1%          5
 Flame Wave               Conj/Fire      24%        2d8       7%          4
 Petrify                  Alch/Erth      24%        N/A       7%          4
 Sticky Flame             Fire/Alch      24%        2d6       7%          4
 Borgnjor's Revivificati  Necr           36%        N/A       16%         8
 Infestation              Necr           36%        N/A       16%         8
 Fulminant Prism          Conj/Alch      6%         3d7       19%         4
 Iskenderun's Mystic Bla  Conj/Tloc      13%        2d5       19%         4
 Irradiate                Conj/Alch      6%         3d13      45%         5
 Death's Door             Necr           36%        N/A       92%         9


Dungeon Overview and Level Annotations

Branches:
Dungeon (15/15)            Temple (1/1) D:4            Lair (5/5) D:11
 Shoals (0/4) Lair:2        Snake (0/4) Lair:2        Slime (0/5) Lair:4
    Orc (2/2) D:9             Elf (0/3) Orc:2        Vaults (0/5) D:14
 Depths (0/4) D:15          Sewer (visited)         Gauntlet (visited)

Altars:
Ashenzari
Cheibriados
Dithmenos
Elyvilon
Fedhas
Gozag
Hepliaklqana
Kikubaaqudgha
Makhleb
Nemelex Xobeh
Okawaru
Qazlal
Ru
Sif Muna
Trog
Uskayaw
Vehumet
Wu Jian
Xom
Yredelemnul
Zin
The Shining One
Jiyva

Shops:
D:1 :   Orc:2 ?[?:

Portals:
Trove: D:14 (give 16 scrolls of teleportation)

Annotations:
D:11 2 transporters


Innate Abilities, Weirdness & Mutations

You have sharp claws.
You have razor-sharp teeth.
You have supernaturally acute eyesight. (SInv)
Your thick and shaggy fur keeps you warm. (AC +3, rC+)
Your paws help you pounce on unaware monsters.
You are incapable of wielding weapons or throwing items.
You cannot wear armour.
You gain extra lives every three experience levels.


Message History

Your blazeheart golem punches the necromancer!
The quicksilver dragon zombie attacks as it pursues you!
The quicksilver dragon zombie bites you!!
The quicksilver dragon zombie completely misses you.
Casting: Animate Dead (safe; 1% risk of failure)
Confirm with . or Enter, or press ? or * to list all spells.
Malign forces permeate your being, awaiting release.
The quicksilver dragon zombie bites your blazeheart golem!
The quicksilver dragon zombie claws your blazeheart golem!
The necromancer hits you but does no damage.
Your lightning spire shoots out a bolt of lightning at the centaur warrior!
The bolt of electricity hits the centaur warrior!
Your blazeheart golem punches the necromancer but does no damage.
You scratch the centaur warrior but do no damage.
You claw the centaur warrior, but do no damage.
You bite the centaur warrior, but do no damage.
The centaur warrior is severely wounded.
The centaur warrior unwields a +0 shortbow.
The centaur warrior wields a +0 war axe.
The centaur warrior hits you with a +0 war axe!!
* * * LOW HITPOINT WARNING * * *
The centaur warrior hits your blazeheart golem with a +0 war axe.
Your blazeheart golem falls apart, revealing its core!
The centaur warrior kicks you.
* * * LOW HITPOINT WARNING * * *
The centaur warrior hits you with a +0 war axe!
* * * LOW HITPOINT WARNING * * *
The centaur warrior completely misses your blazeheart core.
The centaur warrior completely misses you.
The necromancer casts a spell at you. You resist with almost no effort.
Your blazeheart core explodes!
The fiery explosion engulfs the centaur warrior!!!
You kill the centaur warrior!
Kikubaaqudgha accepts your kill.
The fiery explosion engulfs the necromancer!!
A freezing mist starts to gather...
A glowing mist starts to gather...
The quicksilver dragon zombie bites you!
You die...
Kikubaaqudgha rasps: You have failed me!
Welcome... death!

.....ß..##
P......ß.##
......ß...#
.....P....#
.ßß....P..# #.#
......☼☼☼..### ...
.....>.○Z§....####
#.#
..ß..ß.☼p☼Z.#....#
#.#..
ß.....Z.@I####.#
#.#. ........P.#
#.# #..
.?........#
#.######### #.#
....ß..ß.##
#.........## ###.#
........##
#)#######...
..#.#######.#####
#.# #..#
#........... #.#
#####..#
.....######
#.###.......
......#
#..........#


You could see a necromancer (ally target), a centaur warrior simulacrum, a
quicksilver dragon zombie, a friendly lightning spire (summoned) and a friendly
spectral centaur warrior.

Vanquished Creatures
  An orc warlord (Orc:2)
  A minotaur (Gauntlet)
  Snorg (D:12)
  2 quicksilver dragon zombies (D:15)
  An ettin (Orc:2)
  Fannar (D:11)
  Erolcha (Orc:1)
  4 hydras
  An ice dragon (D:14)
  An ogre mage (Orc:2)
  2 vault guards (D:14)
  A catoblepas (Lair:5)
  A death knight (D:15)
  3 boulder beetles
  2 two-headed ogres
  3 death yaks
  3 centaur warriors
  A deep troll shaman (Lair:5)
  An orc high priest (Orc:1)
  A deep elf knight (Gauntlet)
  2 skeletal warriors (D:15)
  A sixfirhy (Gauntlet)
  An arcanist (D:14)
  An orc knight (D:15)
  2 deep elf zephyrmancers (Gauntlet)
  5 orc sorcerers
  An oklob plant (Lair:3)
  An ugly thing (D:11)
  2 manticores
  3 elephants
  A kobold blastminer (Orc:1)
  A nameless horror (Orc:2)
  A moth of wrath (Gauntlet)
  2 meliai (D:14)
  A merfolk siren (Gauntlet)
  2 black mambas (Lair:4)
  2 torpor snails
  3 cane toads
  An orange demon (D:10)
  3 rime drakes
  A gargoyle (D:8)
  8 komodo dragons
  5 trolls
  A wind drake (Lair:2)
  2 hornets
  3 blink frogs (Lair:1)
  A meliai zombie (D:14)
  A centaur simulacrum (D:15)
  A slime creature (D:12)
  A wraith (D:10)
  2 humans (D:14)
  27 yaks
  A vampire (D:12)
  2 basilisks
  5 wargs
  A wyvern (Lair:3)
  3 vampire mosquitoes
  An acid dragon (D:11)
  4 water moccasins
  2 ice beasts
  A laughing skull (D:13)
  An ice beast (shapeshifter) (D:13)
  13 orc warriors
  2 black bears
  10 wolves
  2 boggarts
  A centaur (D:8)
  7 ogres
  2 kobold brigands (D:8)
  2 bullfrogs
  A gnoll sergeant (D:12)
  5 wights (D:8)
  A tengu zombie (D:15)
  3 killer bees
  2 human zombies (D:14)
  2 jellies (Sewer)
  5 orc priests
  A boggart zombie (D:14)
  An iguana (D:6)
  10 orc wizards
  2 hell rats (Lair:1)
  An ice beast zombie (D:15)
  3 gnolls
  An adder (D:15)
  An ufetubus (D:5)
  12 orcs
  An endoplasm (Sewer)
  2 giant cockroaches
  3 goblins
  4 hobgoblins
  2 quokkas
  2 ball pythons (D:4)
  A bat (D:3)
  A frilled lizard (D:3)
  A hobgoblin zombie (D:15)
  A kobold (D:8)
  2 rats
252 creatures vanquished.

Vanquished Creatures (collateral kills)
  Frances (D:14)
  Azrael (D:14)
  Josephine (D:10)
  A nameless horror (D:14)
  6 hydras
  A catoblepas (Lair:5)
  2 ogre magi (Orc:2)
  A boulder beetle (D:11)
  5 centaur warriors
  6 death yaks
  2 sixfirhies (Gauntlet)
  3 skysharks
  Amaemon (D:10)
  An arcanist (D:13)
  4 necromancers (D:14)
  2 deep elf pyromancers
  9 orc sorcerers
  3 manticores
  7 ugly things
  A cyclops (D:14)
  4 meliai
  3 black mambas
  4 elephants
  A gargoyle (D:12)
  4 cane toads (Lair:4)
  2 unseen horrors (D:11)
  3 komodo dragons
  4 kobold demonologists
  4 rime drakes
  A tengu conjurer (D:15)
  A hornet (D:13)
  4 trolls
  3 polar bears
  14 blink frogs
  9 dream sheep (Lair:5)
  Sigmund (D:3)
  2 wyverns
  2 wraiths (D:10)
  19 yaks
  3 slime creatures (D:12)
  A vampire (D:9)
  2 shadows
  A yak (shapeshifter) (D:13)
  2 basilisks
  2 fire elementals (D:13)
  16 humans (D:14)
  3 wargs
  2 steam dragons
  3 nagas (Lair:2)
  2 vampire mosquitoes (D:11)
  A swamp worm (D:10)
  6 water moccasins
  2 hell hounds
  An ice beast (D:15)
  8 black bears
  9 orc warriors
  3 laughing skulls
  7 ogres
  11 wolves
  10 centaurs
  8 bullfrogs
  A scorpion (D:6)
  A gnoll sergeant (D:8)
  5 killer bees
  5 howler monkeys
  3 bombardier beetles
  2 hounds
  4 jellies
  8 orc priests
  Crazy Yiuf (D:3)
  Terence (D:3)
  Natasha (thrice) (D:3)
  27 orc wizards
  4 hell rats
  14 gnolls
  3 river rats
  11 adders
  An ufetubus (D:5)
  5 dart slugs
  44 orcs
  14 endoplasms
  4 giant cockroaches (Sewer)
  3 goblins
  A hobgoblin (D:1)
  4 jackals (D:4)
  13 kobolds
  7 ball pythons
  2 bats
  5 frilled lizards
  8 rats
450 creatures vanquished.

Vanquished Creatures (others)
  A centaur warrior (D:15)
  A two-headed ogre (D:15)
  2 orc knights
  3 ugly thing zombies (D:15)
  An orc sorcerer (Orc:2)
  A kobold blastminer (Orc:2)
  5 human zombies (D:14)
  A yaktaur (D:14)
  A hydra zombie (D:15)
  A wyvern (D:14)
  2 wargs
  A two-headed ogre zombie (D:15)
  A hell hound (D:14)
  4 orc warriors (Orc:2)
  2 manticore zombies (D:14)
  2 ogres
  A kobold brigand (D:14)
  A warg zombie (D:15)
  A wyvern zombie (D:14)
  A bullfrog zombie (D:14)
  2 basilisk zombies (D:14)
  6 centaur zombies
  3 orc wizards
  A boggart zombie (D:15)
  An ogre zombie (D:14)
  An ice beast zombie (D:15)
  A kobold zombie (D:14)
  An adder (D:14)
  2 adder zombies
  3 orcs
  An endoplasm (D:14)
  A goblin (D:13)
  2 hobgoblins (D:15)
  A ball python (D:14)
  A ball python zombie (D:14)
  An endoplasm zombie (D:14)
  A goblin zombie (D:14)
  2 hobgoblin zombies (D:15)
  7 orc zombies
  141 blazeheart cores
212 creatures vanquished.

Grand Total: 914 creatures vanquished

Notes
Turn   | Place    | Note
-------+----------+-------------------------------------------
     0 | D:1      | croobank the Felid Summoner began the quest for the Orb.
     0 | D:1      | Reached XP level 1. HP: 9/9 MP: 4/4
    16 | D:1      | Found Vaagemn's Book Shop.
   117 | D:1      | You fall into a shaft and drop 1 floor!
   146 | D:2      | Reached XP level 2. HP: 13/13 MP: 0/6
   149 | D:2      | Learned a level 2 spell: Call Imp
   588 | D:1      | Reached XP level 3. HP: 16/16 MP: 2/7
  1017 | D:1      | Found a faded altar of an unknown god.
  1163 | D:1      | Learned a level 3 spell: Call Canine Familiar
  1596 | D:2      | Reached skill level 1 in Necromancy
  1596 | D:2      | Reached XP level 4. HP: 3/21 MP: 3/8
  1596 | D:2      | Gained a life (2 lives remaining)
  2268 | D:3      | Reached XP level 5. HP: 24/24 MP: 5/10
  2822 | D:3      | Found a runed translucent door.
  2823 | D:3      | Noticed Crazy Yiuf
  2830 | D:3      | Learned a level 4 spell: Summon Blazeheart Golem
  2887 | D:3      | Noticed Terence
  2895 | D:3      | Killed Terence
  2900 | D:3      | Noticed Natasha
  2908 | D:3      | Killed Natasha
  3059 | D:3      | Noticed Sigmund
  3072 | D:3      | Killed Sigmund
  3073 | D:3      | Reached skill level 5 in Stealth
  3073 | D:3      | Reached skill level 5 in Summonings
  3073 | D:3      | Reached skill level 1 in Fire Magic
  3073 | D:3      | Gained mutation: You are covered in thick fur. (AC +2)
                  | [Felid growth]
  3073 | D:3      | Reached XP level 6. HP: 28/28 MP: 2/12
  3112 | D:3      | Noticed Natasha
  3119 | D:3      | Killed Natasha
  3367 | D:3      | Noticed Natasha
  3380 | D:3      | Killed Natasha
  3381 | D:3      | Reached skill level 2 in Necromancy
  3568 | D:3      | Killed Crazy Yiuf
  3569 | D:3      | Reached skill level 5 in Dodging
  3808 | D:4      | Reached XP level 7. HP: 28/32 MP: 2/13
  4569 | D:4      | Found a staircase to the Ecumenical Temple.
  4629 | Temple   | Entered the Ecumenical Temple
  4671 | Temple   | Became a worshipper of Kikubaaqudgha
  5110 | D:5      | Entered Level 5 of the Dungeon
  5116 | D:5      | Found a glowing drain.
  5135 | Sewer    | Entered a sewer
  5908 | Sewer    | Reached * piety under Kikubaaqudgha
  5908 | Sewer    | Received a gift from Kikubaaqudgha
  6044 | Sewer    | Found a viscous altar of Jiyva.
  6132 | D:5      | Reached XP level 8. HP: 36/36 MP: 11/15
  6804 | D:5      | Reached skill level 1 in Air Magic
  7127 | D:6      | Reached skill level 3 in Necromancy
  7169 | D:6      | Learned a level 4 spell: Summon Lightning Spire
  7511 | D:6      | Reached skill level 1 in Fighting
  7957 | D:7      | Killed from afar by an orc priest
  7957 | D:7      | Lost a life (1 life remaining)
  8132 | D:7      | Reached XP level 9. HP: 41/41 MP: 13/17
  8132 | D:7      | Gained a life (2 lives remaining)
  8305 | D:7      | Reached skill level 5 in Spellcasting
  8771 | D:7      | Reached ** piety under Kikubaaqudgha
  9504 | D:8      | Identified the +6 sling of an ossuary {heavy, Fly}
  9943 | D:8      | Found a hazy altar of Hepliaklqana.
  9943 | D:8      | Noticed a gargoyle
  9948 | D:8      | Found a faded altar of an unknown god.
  9953 | D:8      | Killed a gargoyle
 10969 | D:9      | Reached XP level 10. HP: 40/46 MP: 9/19
 11247 | D:9      | Found a staircase to the Orcish Mines.
 11374 | D:9      | Reached skill level 4 in Necromancy
 11775 | D:9      | Found a shimmering blue altar of Sif Muna.
 11776 | D:9      | Found a glowing silver altar of Zin.
 11776 | D:9      | Found a stormy altar of Qazlal.
 11777 | D:9      | Found a burning altar of Makhleb.
 11784 | D:9      | Found a bloodstained altar of Trog.
 11785 | D:9      | Found a sparkling altar of Nemelex Xobeh.
 11785 | D:9      | Found a shadowy altar of Dithmenos.
 11785 | D:9      | Found an ornate altar of the Wu Jian Council.
 11786 | D:9      | Found a hide-covered altar of Uskayaw.
 11787 | D:9      | Found a blossoming altar of Fedhas.
 11787 | D:9      | Found a basalt altar of Yredelemnul.
 12341 | D:9      | Identified the +8 flail of Modesty {holy, rC+}
 12381 | D:9      | Reached skill level 5 in Fire Magic
 12730 | D:10     | Entered Level 10 of the Dungeon
 12753 | D:10     | Reached *** piety under Kikubaaqudgha
 12753 | D:10     | Received a gift from Kikubaaqudgha
 12833 | D:10     | Noticed a two-headed ogre
 12840 | D:10     | Killed a two-headed ogre
 12841 | D:10     | Reached skill level 10 in Stealth
 12952 | D:10     | Noticed Amaemon
 12964 | D:10     | Killed Amaemon
 12967 | D:10     | Noticed an orange demon
 12973 | D:10     | Killed an orange demon
 13191 | D:10     | Reached XP level 11. HP: 46/53 MP: 14/22
 13202 | D:10     | Learned a level 6 spell: Death Channel
 13354 | D:10     | Noticed Josephine
 13380 | D:10     | Killed Josephine
 13381 | D:10     | Reached skill level 10 in Dodging
 13381 | D:10     | Reached skill level 5 in Necromancy
 14373 | D:11     | Found a transporter.
 14376 | D:11     | Found a transporter.
 14385 | D:11     | Noticed Fannar
 14401 | D:11     | Killed Fannar
 14590 | D:11     | Noticed a white ugly thing
 14601 | D:11     | Killed a white ugly thing
 14688 | D:11     | HP: 1/54 [vampire mosquito (11)]
 14697 | D:11     | HP: 2/54 [vampire mosquito (11)]
 14902 | D:11     | Noticed a boulder beetle
 14915 | D:11     | Killed a boulder beetle
 15074 | D:11     | Noticed a boulder beetle
 15074 | D:11     | Noticed a boulder beetle
 15131 | D:11     | Found a staircase to the Lair.
 15403 | D:12     | Noticed Snorg
 15423 | D:12     | Killed Snorg
 15631 | D:12     | Noticed a deep elf pyromancer
 15661 | D:12     | HP: 1/54 [deep elf pyromancer/bolt of fire (25)]
 15662 | D:12     | Killed a deep elf pyromancer
 15663 | D:12     | Reached skill level 5 in Fighting
 16297 | D:12     | Reached skill level 6 in Necromancy
 16471 | D:12     | Reached skill level 5 in Air Magic
 16482 | D:12     | Reached **** piety under Kikubaaqudgha
 17039 | D:13     | Gained mutation: Your thick and shaggy fur keeps you warm.
                  | (AC +3, rC+) [Felid growth]
 17039 | D:13     | Reached XP level 12. HP: 48/60 MP: 14/25
 17110 | D:13     | Noticed a centaur warrior
 17249 | Lair:1   | Entered Level 1 of the Lair of Beasts
 17564 | Lair:1   | Noticed a death yak
 17575 | Lair:1   | Killed a death yak
 17576 | Lair:1   | Reached skill level 10 in Summonings
 18057 | Lair:1   | Reached skill level 7 in Necromancy
 18769 | Lair:1   | Noticed a death yak
 18770 | Lair:1   | Noticed a death yak
 18775 | Lair:1   | Noticed a death yak
 18786 | Lair:1   | Killed a death yak
 18790 | Lair:1   | Killed a death yak
 18790 | Lair:1   | Killed a death yak
 18791 | Lair:1   | Reached skill level 10 in Spellcasting
 19016 | Lair:2   | Found a gate leading to a gauntlet.
 19058 | Lair:2   | Reached skill level 8 in Necromancy
 19132 | Gauntlet | Entered a Gauntlet
 19132 | Gauntlet | Found a transporter.
 19141 | Gauntlet | Found a transporter.
 19145 | Gauntlet | Found a transporter.
 19147 | Gauntlet | Found a transporter.
 19148 | Gauntlet | Found a transporter.
 19149 | Gauntlet | Found a transporter.
 19156 | Gauntlet | Found a transporter.
 19157 | Gauntlet | Found a transporter.
 19238 | Gauntlet | Learned a level 5 spell: Borgnjor's Vile Clutch
 19266 | Gauntlet | Found a transporter.
 19272 | Gauntlet | Found a transporter.
 19276 | Gauntlet | Found a transporter.
 19304 | Gauntlet | Noticed a catoblepas
 19310 | Gauntlet | Found a transporter.
 19385 | Gauntlet | Reached XP level 13. HP: 30/67 MP: 7/28
 19417 | Gauntlet | Identified the ring of Divine Compulsion {rF+ AC+4 Dex+3
                  | Stlth+}
 19631 | Gauntlet | Identified the ring "Niosih" {Will+ Dex+6 SInv}
 19734 | Gauntlet | Noticed a minotaur
 19749 | Gauntlet | Killed a minotaur
 20465 | Lair:2   | Found a staircase to the Snake Pit.
 20484 | Lair:2   | Found a staircase to the Shoals.
 20504 | Lair:2   | Reached skill level 9 in Necromancy
 22789 | Lair:3   | Reached skill level 10 in Necromancy
 23464 | Lair:4   | Found a viscous altar of Jiyva.
 23464 | Lair:4   | Found a staircase to the Slime Pits.
 23532 | Lair:4   | Reached ***** piety under Kikubaaqudgha
 23533 | Lair:4   | Reached skill level 10 in Fighting
 23893 | Lair:4   | Identified the +2 leather armour of Ackakhla {Str+7}
 23917 | Lair:4   | Reached skill level 11 in Necromancy
 24507 | Lair:5   | Entered Level 5 of the Lair of Beasts
 24617 | Lair:5   | Reached skill level 12 in Necromancy
 24617 | Lair:5   | Reached XP level 14. HP: 60/77 MP: 6/29
 24924 | Lair:5   | Reached skill level 1 in Earth Magic
 25426 | Lair:5   | Identified the blade talisman of Noaps {rPois rC- Str+3
                  | SInv}
 25766 | Lair:5   | Reached skill level 13 in Necromancy
 26763 | D:13     | Reached skill level 5 in Earth Magic
 27087 | D:13     | Shot with an arrow by a centaur
 27087 | D:13     | Lost a life (1 life remaining)
 27313 | D:13     | Found a shadowy altar of Dithmenos.
 27441 | D:13     | Reached skill level 14 in Necromancy
 27797 | Orc:1    | Entered Level 1 of the Orcish Mines
 27807 | Orc:1    | Noticed Erolcha
 27854 | Orc:1    | Killed from afar by an orc sorcerer
 27854 | Orc:1    | Lost a life (0 lives remaining)
 27883 | Orc:1    | Killed Erolcha
 28392 | Orc:2    | Entered Level 2 of the Orcish Mines
 28392 | Orc:2    | Noticed an orc warlord
 28415 | Orc:2    | Killed an orc warlord
 28415 | Orc:2    | Reached ****** piety under Kikubaaqudgha
 28445 | Orc:2    | Reached skill level 15 in Necromancy
 28886 | Orc:2    | Found a staircase to the Elven Halls.
 29634 | Orc:2    | Found an ancient bone altar of Kikubaaqudgha.
 29636 | Orc:2    | Received a gift from Kikubaaqudgha (forbidden knowledge)
 29884 | Orc:2    | Learned a level 7 spell: Haunt
 30149 | Orc:2    | Found Dedil's Book Shop.
 30165 | Orc:2    | Found a radiant altar of Vehumet.
 30317 | Orc:2    | Reached XP level 15. HP: 80/80 MP: 14/30
 30317 | Orc:2    | Gained a life (1 life remaining)
 30554 | Orc:2    | Bought a book of Unlife for 540 gold pieces
 31977 | Orc:2    | Found Sothuete's Magic Scroll Boutique.
 31987 | Orc:2    | Found Fyawot's Antique Armour Boutique.
 32114 | Orc:2    | Found Fergh's Magic Scroll Shop.
 32123 | Orc:2    | Bought a scroll of fog for 40 gold pieces
 32123 | Orc:2    | Bought a scroll of blinking for 75 gold pieces
 32123 | Orc:2    | Bought a scroll of silence for 95 gold pieces
 32123 | Orc:2    | Bought a scroll of blinking for 75 gold pieces
 32123 | Orc:2    | Bought a scroll of fear for 40 gold pieces
 32123 | Orc:2    | Bought a scroll of blinking for 75 gold pieces
 32146 | Orc:2    | Bought a scroll of vulnerability for 68 gold pieces
 32146 | Orc:2    | Bought a scroll of teleportation for 51 gold pieces
 32146 | Orc:2    | Bought a scroll of teleportation for 51 gold pieces
 32146 | Orc:2    | Bought a scroll of immolation for 68 gold pieces
 32146 | Orc:2    | Bought a scroll of fog for 68 gold pieces
 32439 | Orc:1    | Learned a level 4 spell: Animate Dead
 32565 | D:14     | Noticed Azrael
 32881 | D:14     | Identified the +5 rapier "Sixoonwi" {freeze, *Noise rElec
                  | rN+ Will+}
 32955 | D:14     | Killed Azrael
 33744 | D:14     | Found a portal to a secret trove of treasure.
 34039 | D:14     | Noticed Frances
 34050 | D:14     | Killed Frances
 34417 | D:14     | Your ally Frances died
 34776 | D:14     | Found a gate to the Vaults.
 35052 | D:15     | Entered Level 15 of the Dungeon
 35816 | D:15     | Reached skill level 16 in Necromancy
 35913 | D:15     | Killed from afar by an orc sorcerer
 35913 | D:15     | Lost a life (0 lives remaining)
 36341 | D:15     | Found a staircase to the Depths.
 36351 | D:15     | HP: 2/80 [centaur warrior/+0 war axe (13)]
 36352 | D:15     | Mangled by a quicksilver dragon zombie

Illustrated notes

Levels and vault maps discovered:
D:1:      amcnicky_arrival_gap_in_the_tavern_cellar, layout_loops_cross,
          serial_shops, shop, shapermc_ecumenical_altar_acropolis
D:2:      layout_basic, nicolae_grassy_gnolls
D:3:      minmay_evil_eye, layout_rooms, minmay_stone_trees_small, uniq_terence,
          uniq_natasha, uniq_sigmund, uniq_crazy_yiuf_cottage
D:4:      layout_basic, minmay_temple_entry_drinking_statues
D:5:      layout_loops_ring, cheibrodos_sewer_entry_sluice
D:6:      layout_basic
D:7:      layout_basic, minmay_tree_intersection
D:8:      layout_gridville, beargit_hepliaklqana_dungeon_heroes
D:9:      layout_long_grid, nicolae_overflows_in_rows, david_orc_1_choice
D:10:     layout_loops_ring, serial_co_window_serial, co_window_paths_a,
          co_window_corner_a, co_window_corner_a, co_window_of_opportunity_a,
          co_window_paths_a, co_window_broadway_c, co_window_corner_b,
          co_window_cross_3, co_window_paths_e, worms_lemuel, uniq_amaemon,
          uniq_josephine
D:11:     gammafunk_boulding_lane, layout_rooms, lair_entry_dummy, uniq_fannar
D:12:     layout_roguey, uniq_snorg
D:13:     layout_irregular_city, minmay_stone_trees_medium,
          nicolae_dithmenos_through_a_glass_darkly
D:14:     layout_stronghold, grunt_vaults_entry_tiered,
          nicolae_trove_entry_isolated, dreamdust_wishing_well, uniq_frances,
          uniq_azrael
D:15:     gammafunk_depths_entry_grave, layout_loops_corners
Temple:   cyrus_temple_forest
Lair:1:   layout_misc_corridors, grunt_megastairs_1
Lair:2:   layout_layer_cave, minmay_shoals_entry_beasts,
          minmay_snake_entry_guardpost_small, gauntlet_entry_generic,
          grunt_megastairs_3, lemuel_fruit_tree, infiniplex_staircase_pool,
          serial_bayou_shore_b
Lair:3:   layout_regular_city, minmay_lair_oklob_bushes
Lair:4:   layout_small_grid, dpeg_slime_entry_enclosed, nzn_random_ring
Lair:5:   grunt_lair_end_beastmaster, layout_cave_pods
Orc:1:    layout_caves, uniq_erolcha
Orc:2:    kennysheep_orc_mage_school, layout_diamond_mine, nooodl_orcs_dogs

Skill      XL: |  1  2  3  4  5  6  7  8  9 10 11 12 13 14 15 |
---------------+----------------------------------------------+-----
Dodging        | 3 4 5 7 8 9 10 | 10.0
Stealth        | 3 4 5 6 7 9 10 | 10.0
Necromancy     | 1 2 3 4 6 8 12 15 16 | 16.2
Spellcasting   | 3 4 5 6 8 10 11 | 11.3
Summonings     | 5 6 7 8 9 10 12 | 12.0
Fire Magic     | 1 2 3 4 5 |  5.0
Air Magic      | 1 2 3 5 6 7 |  7.0
Fighting       | 1 2 3 5 7 10 | 10.0
Earth Magic    | 5 |  5.0

Action                     |  1- 3 |  4- 6 |  7- 9 | 10-12 | 13-15 || total
---------------------------+-------+-------+-------+-------+-------++-------
  Melee: Unarmed           |    24 |    26 |    73 |    88 |   205 ||   416
         Bite              |     4 |     3 |     7 |    11 |    32 ||    57
         Punch             |     1 |     2 |     5 |    12 |    31 ||    51
   Cast: Summon Small Mamm |    33 |    23 |    36 |       |       ||    92
         Call Imp          |    12 |    13 |    29 |     7 |    18 ||    79
         Call Canine Famil |     3 |     8 |    28 |    14 |    43 ||    96
         Summon Blazeheart |       |     4 |    31 |    62 |   138 ||   235
         Summon Lightning  |       |       |    19 |    35 |    78 ||   132
         Death Channel     |       |       |       |     8 |    85 ||    93
         Borgnjor's Vile C |       |       |       |       |     6 ||     6
         Animate Dead      |       |       |       |       |    16 ||    16
         Haunt             |       |       |       |       |    10 ||    10
 Invoke: Unearth Wretches  |       |       |       |     2 |    20 ||    22
         Receive Forbidden |       |       |       |       |     1 ||     1
  Evoke: Wand              |       |       |       |     2 |     2 ||     4
         Sack of spiders   |       |       |       |       |     1 ||     1
         Condenser vane    |       |       |       |       |     1 ||     1
    Use: Scroll            |       |     3 |    15 |     5 |    21 ||    44
         Potion            |       |       |       |     5 |    15 ||    20
   Stab: Sleeping          |     2 |     5 |     1 |       |     1 ||     9
         Distracted        |       |       |     3 |       |     6 ||     9
         Paralysed         |       |       |       |     2 |    29 ||    31
 Armour: Skin              |    10 |    11 |    35 |    66 |   229 ||   351
  Dodge: Dodged            |    26 |    30 |   132 |   168 |   533 ||   889
  Block: Other             |       |       |    21 |    37 |    90 ||   148
         Reflection        |       |       |     3 |       |     7 ||    10

Table legend: (Time is in decaauts)
 A = Elapsed time spent in this place.
 B = Non-inter-level travel time spent in this place.
 C = Inter-level travel time spent in this place.
 D = Time resting spent in this place.
 E = Time spent auto-exploring this place.
 F = Levels seen in this place.
 G = Mean time per level.
                   A        B        C        D        E       F      G
               +--------+--------+--------+--------+--------+-----+--------+
         Total |  36453 |  35348 |   1105 |  11685 |  16308 |  25 | 1458.1 |
       Dungeon |  21229 |  20445 |    784 |   6455 |  10095 |  15 | 1415.3 |
        Temple |     83 |     42 |     41 |      0 |      0 |   1 |   83.0 |
          Lair |   8511 |   8327 |    184 |   1997 |   4466 |   5 | 1702.2 |
  Orcish Mines |   4657 |   4561 |     96 |   2204 |   1498 |   2 | 2328.5 |
         Sewer |    995 |    995 |      0 |    460 |    247 |   1 |  995.0 |
      Gauntlet |    975 |    975 |      0 |    569 |      0 |   1 |  975.0 |
               +--------+--------+--------+--------+--------+-----+--------+

Top non-repeatable levels by time:
   Orc:2: 3822 daAuts
    D:14: 2214 daAuts
  Lair:5: 2136 daAuts
     D:9: 2024 daAuts
     D:8: 1831 daAuts
  Lair:1: 1794 daAuts
    D:12: 1765 daAuts
    D:10: 1702 daAuts
  Lair:2: 1653 daAuts
  Lair:3: 1516 daAuts
     D:3: 1459 daAuts
  Lair:4: 1410 daAuts
    D:13: 1391 daAuts
     D:4: 1378 daAuts
    D:15: 1299 daAuts
